 Dungeon Crawl Stone Soup version 0.29-a0-1019-g84f7d21838 (webtiles) character file.

Game seed: 17363989493150985778

581 xian the Skirmisher (level 7, -1/40 HPs)
             Began as a Deep Elf Hunter on Aug 10, 2022.
             Was a Follower of Okawaru.
             Succumbed to a scorpion's poison
             ... on level 4 of the Dungeon.
             The game lasted 00:10:26 (2915 turns).

xian the Skirmisher (Deep Elf Hunter)               Turns: 2915, Time: 00:10:26

Health: -1/40      AC:  5    Str:  8    XL:     7   Next: 14%
Magic:  21/22      EV: 12    Int: 14    God:    Okawaru [*.....]
Gold:   1145       SH:  0    Dex: 20    Spells: 11/11 levels left

rFire   + + +      SeeInvis .   p - +0 mace "Ewef" {elec, rPois}
rCold   + . .      Faith    +   (no shield)
rNeg    . . .      Spirit   .   c - +0 leather armour
rPois   +          Reflect  .   i - +1 hat
rElec   +          Harm     .   l - +0 cloak
rCorr   +          Rampage  .   (no gloves)
Will    +....                   (no boots)
Stlth   ++........              h - amulet of faith
HPRegen 0.13/turn               q - ring of the Duke {rElec rF+++ Will+ MP+9 Slay+6}
MPRegen 0.18/turn               (no ring)

@: lethally poisoned (-1 -> -8), resistant, studying Spellcasting
A: no striking features
a: Renounce Religion, Heroism


You were on level 4 of the Dungeon.
You worshipped Okawaru.
Okawaru was aware of your devotion.
You visited 1 branch of the dungeon, and saw 5 of its levels.

You collected 1145 gold pieces.

Inventory:

Hand Weapons
 a - a +0 shortbow
 p - the +0 mace "Ewef" (weapon) {elec, rPois}
   (You found it on level 4 of the Dungeon)

   It occasionally discharges a powerful burst of electricity upon striking a
   foe.
   rPois:     It protects you from poison.
Armour
 c - a +0 leather armour (worn)
 i - a +1 hat (worn)
 l - a +0 cloak (worn)
Jewellery
 f - a ring of see invisible
 h - an amulet of faith (around neck)
 q - the ring of the Duke (left hand) {rElec rF+++ Will+ MP+9 Slay+6}
   (You found it on level 4 of the Dungeon)

   [ring of willpower]

   Slay:      It affects your accuracy & damage with ranged weapons and melee
   (+6).
   rF:        It renders you almost immune to fire.
   rElec:     It insulates you from electricity.
   MP:        It affects your magic capacity (+9).
   Will:      It increases your willpower.
Wands
 d - a wand of flame (25)
Scrolls
 b - a scroll of immolation
 k - 2 scrolls of poison
 m - a scroll of silence {unknown}
Potions
 e - a potion of resistance
 j - a potion of brilliance {unknown}
 n - 4 potions of mutation
 o - a potion of heal wounds {unknown}


   Skills:
 + Level 2.7 Fighting
 + Level 0.4 Maces & Flails
 + Level 9.3 Ranged Weapons
 + Level 1.7 Armour
 + Level 2.9 Dodging
 + Level 1.8 Stealth
 * Level 2.8 Spellcasting
 * Level 1.5 Invocations


You had 11 spell levels left.
You didn't know any spells.
Your spell library was empty.

Dungeon Overview and Level Annotations

Branches:
Dungeon (5/15)             Temple (0/1) D:4

Altars:
Okawaru
Ru


Message History

You feel very sick. The scorpion stings you. The scorpion barely misses you.
You climb upwards.
You feel very sick.
There is a stone staircase leading down here.
Unknown command.
Okay, then.
You feel better. The scorpion stings you. The scorpion stings you!
You hear the crackle of electricity.
p - the +0 mace "Ewef" (weapon)
{elec, rPois} The scorpion stings you.
The scorpion closely misses you.
Unknown command.
You closely miss the scorpion.
The scorpion is almost dead.
The scorpion stings you but does no damage.
The scorpion barely misses you.
Unknown command.
You sock the scorpion!
You kill the scorpion!
Okawaru is honoured by your kill.
The scorpion stings you but does no damage.
The scorpion stings you!
* * * LOW HITPOINT WARNING * * *
You are lethally poisoned!
The scorpion poisons you!
You have reached level 7!
You barely miss the scorpion. Your punch misses the scorpion.
* * * LOW HITPOINT WARNING * * *
You feel very sick. The scorpion closely misses you.
The scorpion barely misses you.
Unknown command.
You hit the scorpion but do no damage.
Lightning courses through the scorpion!!
You kill the scorpion!
Okawaru accepts your kill.
* * * LOW HITPOINT WARNING * * *
You feel very sick.
It was a potion of resistance.
You feel protected.
You die...

######......##.#.#
#.#........#
#......##.#.#
#..........#
#########.#.#
###........# #......#.#
#........# ###
#........# #......#.##
#.# #........#
#.........# #.#
#........# #...)..#.##
#.#
########.######......#.#
#.# ###@....##..[...#.#
#.# #.###.####......#.#
#.# #.....# #........#
#.# #.###.# #.......##
##.###########.# #.#
#.<.....#
...............###.#
##......#
##############.....#
#..###.# #######
#......# #......#


There were no monsters in sight!

Vanquished Creatures
  An orc warrior (D:4)
  An ogre (D:3)
  A phantom (D:2)
  2 scorpions (D:4)
  A hound (D:4)
  Terence (D:2)
  3 gnolls (D:3)
  6 adders
  5 dart slugs
  3 orcs (D:4)
  9 endoplasms
  2 giant cockroaches
  5 goblins
  5 hobgoblins
  5 jackals
  3 quokkas
  7 ball pythons
  A bat (D:2)
  7 frilled lizards
  6 kobolds
  4 rats
78 creatures vanquished.

Notes
Turn   | Place    | Note
-------+----------+-------------------------------------------
     0 | D:1      | xian the Deep Elf Hunter began the quest for the Orb.
     0 | D:1      | Reached XP level 1. HP: 12/12 MP: 3/3
    31 | D:1      | Found a faded altar of an unknown god.
   125 | D:1      | Reached skill level 6 in Ranged Weapons
   125 | D:1      | Reached XP level 2. HP: 16/16 MP: 4/4
   366 | D:1      | You fall into a shaft and drop 1 floor!
   451 | D:2      | Reached XP level 3. HP: 5/21 MP: 5/5
   696 | D:2      | Noticed Terence
   716 | D:2      | Killed Terence
   717 | D:2      | Reached skill level 7 in Ranged Weapons
   717 | D:2      | Reached XP level 4. HP: 12/26 MP: 6/6
  1020 | D:2      | Noticed a phantom
  1040 | D:2      | Killed a phantom
  1041 | D:2      | Reached skill level 1 in Armour
  1041 | D:2      | Reached XP level 5. HP: 4/30 MP: 7/7
  1417 | D:2      | Found an iron altar of Okawaru.
  1430 | D:2      | Became a worshipper of Warmaster Okawaru
  1591 | D:3      | Noticed an ogre
  1597 | D:3      | Killed an ogre
  1597 | D:3      | Reached * piety under Okawaru
  1598 | D:3      | Reached skill level 8 in Ranged Weapons
  1598 | D:3      | Reached XP level 6. HP: 35/36 MP: 8/8
  1864 | D:3      | Found a sacrificial altar of Ru.
  2052 | D:4      | Identified a scroll of acquirement
  2052 | D:4      | Acquired a manual of Spellcasting
  2078 | D:4      | Noticed an orc warrior
  2088 | D:4      | Killed an orc warrior
  2089 | D:4      | Reached skill level 1 in Spellcasting
  2089 | D:4      | Reached skill level 1 in Invocations
  2261 | D:4      | Identified the +0 mace "Ewef" {elec, rPois}
  2295 | D:4      | Reached skill level 9 in Ranged Weapons
  2295 | D:4      | Acquired 936 gold pieces
  2618 | D:4      | Identified the ring of the Duke {rElec rF+++ Will+ MP+9
                  | Slay+6}
  2697 | D:4      | Found a staircase to the Ecumenical Temple.
  2903 | D:5      | Entered Level 5 of the Dungeon
  2913 | D:4      | Reached XP level 7. HP: 9/40 MP: 12/12
  2914 | D:4      | HP: 1/40 [poisoned by a scorpion]
  2915 | D:4      | Succumbed to a scorpion's poison

Illustrated notes

Levels and vault maps discovered:
D:1:      ebering_trefoil_3fold, layout_loops_ring,
          hellmonk_ecumenical_altar_dog_temple, minivault_5
D:2:      layout_rooms, basic_altar, st_stairs_2, minmay_tiny_reverse_x,
          uniq_terence
D:3:      layout_rooms, nicolae_ru_the_path_less_chosen, st_stairs_7
D:4:      layout_basic, minmay_temple_entry_enclosed_plants,
          hangedman_decor_peaks_small, eino_tiny_chamber
D:5:      layout_layer_cave, cheibrodos_ashenzari_chains,
          nicolae_overflow_hallway_of_the_gods, minmay_misc_feat_nine_boxes,
          serial_park_tiny_2

Skill      XL: |  1  2  3  4  5  6 |
---------------+-------------------+-----
Ranged Weapons | 6 7 8 9 |  9.3
Fighting       | 2 |  2.7
Armour         | 1 |  1.7
Spellcasting   | 2 |  2.8
Invocations    | 1 |  1.5
Maces & Flails | |  0.4
Dodging        | |  2.9
Stealth        | |  1.8

Action                   |  1- 3 |  4- 6 |  7- 9 || total
-------------------------+-------+-------+-------++-------
Melee: Flail             |       |     7 |       ||     7
       Mace              |       |     2 |     2 ||     4
 Fire: Shortbow          |    64 |   125 |       ||   189
  Use: Scroll            |     4 |     6 |       ||    10
       Potion            |     1 |     1 |     1 ||     3
Armor: Leather armour    |     8 |    10 |       ||    18
Dodge: Dodged            |    20 |    32 |     2 ||    54

Table legend: (Time is in decaauts)
 A = Elapsed time spent in this place.
 B = Non-inter-level travel time spent in this place.
 C = Inter-level travel time spent in this place.
 D = Time resting spent in this place.
 E = Time spent auto-exploring this place.
 F = Levels seen in this place.
 G = Mean time per level.
                   A        B        C        D        E       F      G
               +--------+--------+--------+--------+--------+-----+--------+
         Total |   2950 |   2896 |     54 |     46 |   2332 |   5 |  590.0 |
       Dungeon |   2950 |   2896 |     54 |     46 |   2332 |   5 |  590.0 |
               +--------+--------+--------+--------+--------+-----+--------+

Top non-repeatable levels by time:
     D:2: 1178 daAuts
     D:4: 869 daAuts
     D:3: 524 daAuts
     D:1: 373 daAuts
     D:5: 5 daAuts
